 Dungeon Crawl Stone Soup version 0.17-a0-2118-g63bad21 (webtiles) character file.

46599 4thArraOfDagon the Severer (level 14, 0/145 HPs)
             Began as a Deep Dwarf Fighter on Oct 20, 2015.
             Was the Champion of Makhleb.
             Succumbed to a wolf spider's poison
             ... on level 3 of the Spider Nest.
             The game lasted 00:55:34 (7794 turns).

4thArraOfDagon the Severer (Deep Dwarf Fighter)     Turns: 7794, Time: 00:55:35

Health: 0/145      AC: 24    Str: 20    XL:     14   Next: 5%
Magic:  11/11      EV:  8    Int: 14    God:    Makhleb [******]
Gold:   549        SH:  0    Dex:  7    Spells: 1 memorised, 9 levels left

rFire  + . .     SeeInvis +     v - +2 battleaxe
rCold  + + +     Clarity  .     J - +3 chain mail "Huagiy" {rElec rPois rC++ Dex-5}
rNeg   + . .     SustAt   .     (no shield)
rPois  +         Gourm    +     I - +1 hat
rElec  +         Spirit   .     M - +0 cloak {+Inv}
rCorr  +         Warding  .     L - +1 pair of gloves of Midsummer {rF+ rC+ rCorr}
rMut   .         Stasis   .     y - +2 pair of boots {run}
MR     ++...                    N - amulet of the gourmand
Stlth  ..........               (no ring)
                                j - ring of magical power

@: confused, lethally poisoned (0 -> -25), non-regenerating, quick, very
resistant to hostile enchantments, extremely unstealthy
A: damage resistance, recharge devices, claws 1, see invisible, negative energy
resistance 1, sense surroundings 2, robust 1, slow regeneration 3
a: Device Recharging, Minor Destruction, Lesser Servant of Makhleb, Major
Destruction, Greater Servant of Makhleb, Renounce Religion, Evoke Invisibility


You were on level 3 of the Spider Nest.
You worshipped Makhleb.
Makhleb was exalted by your worship.
You were full.

You visited 5 branches of the dungeon, and saw 29 of its levels.
You also visited: Labyrinth.

You collected 1470 gold pieces.
You spent 921 gold pieces at shops.

Inventory:

Hand Weapons
 a - a +0 war axe
 h - a cursed -3 war axe
 n - a +4 blowgun
 r - a +0 broad axe
 v - a +2 battleaxe (weapon)
 x - a +1 hand axe of chopping
 K - a +1 hand axe of venom
 Z - a -2 hand axe
Missiles
 S - 7 curare-tipped needles
Armour
 y - a +2 pair of boots of running (worn)
 I - a +1 hat (worn)
 J - the +3 chain mail "Huagiy" (worn) {rElec rPois rC++ Dex-5}
   (You found it on level 11 of the Dungeon)

   It affects your dexterity (-5).
   It greatly protects you from cold.
   It insulates you from electricity.
   It protects you from poison.
 L - the +1 pair of gloves of Midsummer (worn) {rF+ rC+ rCorr}
   (You bought it in a shop on level 4 of the Orcish Mines)

   It protects you from fire.
   It protects you from cold.
   It protects you from acid and corrosion.
 M - a +0 cloak of invisibility (worn)
 T - a fire dragon hide
Magical Staves
 m - an uncursed staff of wizardry {unknown}
Jewellery
 j - a ring of magical power (left hand)
 z - an uncursed amulet of resist mutation
 N - an amulet of the gourmand (around neck)
Wands
 c - a wand of teleportation (2)
 e - a wand of heal wounds (0)
 g - a wand of enslavement (15)
 l - a wand of fire (0)
 s - a wand of magic darts (3)
 u - a wand of cold (0)
 A - a wand of flame (20)
 B - a wand of slowing (17)
 P - a wand of frost (17)
 U - a wand of enslavement (7)
 Y - a wand of lightning (8)
Scrolls
 b - 4 scrolls of magic mapping
 d - 2 scrolls of enchant armour
 k - a scroll of fog
 o - 2 scrolls of teleportation
 p - 2 scrolls of remove curse
 q - a scroll of vulnerability
 H - 4 scrolls of identify
 O - 2 scrolls of blinking
 R - 2 scrolls of fear
Potions
 t - a potion of ambrosia
 w - 3 potions of lignification
 F - a potion of cure mutation
 G - a potion of brilliance
 Q - a potion of resistance
 V - a potion of haste
 X - a potion of cancellation
Miscellaneous
 D - a phial of floods
 E - a crystal ball of energy
 W - a lantern of shadows
Comestibles
 f - 7 bread rations
 i - 3 meat rations


   Skills:
 - Level 10.0 Fighting
 * Level 16.4 Axes
 - Level 12.0 Armour
   Level 3.2 Shields
 - Level 5.5 Invocations
 + Level 14.0 Evocations


You had 9 spell levels left.
You knew the following spells:

 Your Spells              Type           Power        Failure   Level  Hunger
a - Passage of Golubria   Tloc           N/A          100%        4    #####..


Dungeon Overview and Level Annotations

Branches:
Dungeon (13/15)            Temple (1/1) D:7            Lair (8/8) D:9
 Spider (3/4) Lair:3        Slime (0/6) Lair:8          Orc (4/4) D:11
    Elf (0/3) Orc:3
  Swamp: Lair:3-6    Shoals: Lair:3-6    Vaults: D:13-14

Altars:
Elyvilon
Fedhas
Kikubaaqudgha
Makhleb
Qazlal
Jiyva

Shops:
D:10 !   Orc:1 [   Orc:4 ?}?[[

Annotations:
D:7 Menkaure
D:9 LAIR
Lair:4 exclusion: oklob plant
Lair:6 SWAMP


Innate Abilities, Weirdness & Mutations

You are resistant to damage.
You can recharge devices by infusing magical energy.
You resist negative energy.
You passively map the area around you.
You do not regenerate naturally.
You have sharp fingernails.
You have supernaturally acute eyesight.
You are robust (+10% HP).


Message History

You feel very sick.
The tarantella bites you but does no damage.
The wolf spider barely misses you. The wolf spider bites you!
* * * LOW HITPOINT WARNING * * *
The tarantella bites you but does no damage.
The tarantella bites you.
Unknown command.
* * * LOW HITPOINT WARNING * * *
You feel very sick.
The wolf spider hits you but does no damage.
The wolf spider bites you but does no damage.
Unknown command.
Unknown command.
* * * LOW HITPOINT WARNING * * *
You feel very sick. The tarantella closely misses you.
Unknown command.
Unknown command.
Unknown command.
You die...

*
##################
#.....#..##@.....#
#..†.....#.......#
* ,#.....s.<...#^#
#...†###.^s...###*
,, ###.. ####...#
* #.. , *#^..###
** ... ###....# ,
#... #......# ,
.^## #...^###


You could see 2 tarantellas.

Vanquished Creatures
  Donald (Orc:4)
  A minotaur (Lab)
  A hydra (Lair:8)
  5 death yaks (Lair:8)
  A queen ant (Lair:7)
  An unseen horror (D:13)
  A griffon (Lair:8)
  An ugly thing (D:12)
  2 orc knights (Orc:4)
  4 wolf spiders (Spider:3)
  A hornet (Spider:3)
  2 black mambas
  3 orc sorcerers
  A cyclops (D:12)
  Maurice (D:11)
  2 elephants
  2 spiny frogs
  A torpor snail (Lair:8)
  5 komodo dragons
  2 fire drakes (Lair:8)
  A demonic crawler (Spider:1)
  3 jumping spiders
  A polar bear (Lair:4)
  13 blink frogs
  2 redbacks (Spider:3)
  4 wraiths
  4 tarantellas
  6 hippogriffs
  A wyvern (D:9)
  18 yaks
  A mottled dragon (Lair:8)
  A hungry ghost (Lab)
  6 basilisks
  13 soldier ants (Lair:7)
  4 water moccasins
  8 spiders
  2 wolves (Lair:3)
  2 swamp drakes (Lair:8)
  10 porcupines
  3 ice beasts
  2 sky beasts
  An eye of draining (D:10)
  16 orc warriors
  5 big kobolds
  15 crocodiles
  5 ogres
  14 giant frogs
  A scorpion (D:12)
  A water moccasin skeleton (D:10)
  5 killer bees (D:9)
  A gnoll shaman (D:9)
  2 crimson imps
  24 orc priests
  A centaur zombie (D:9)
  A jelly (D:12)
  A giant frog skeleton (D:11)
  3 iguanas
  21 orc wizards
  37 worker ants
  14 sheep
  A hound skeleton (D:7)
  4 gnolls (D:9)
  5 adders
  24 river rats
  4 shadow imps
  An ooze (D:3)
  An adder skeleton (D:4)
  2 giant geckos
  141 orcs
  2 giant cockroaches
  A goblin (D:2)
  2 hobgoblins
  2 jackals (D:11)
  2 bats
  A giant newt (D:4)
  12 kobolds
  4 rats
  8 fungi
  2 plants (Lair:8)
530 creatures vanquished.

Vanquished Creatures (collateral kills)
  An emperor scorpion (Spider:2)
  Josephine (Orc:3)
  A fire dragon (Lair:8)
  2 hydras
  A catoblepas (Lair:8)
  4 death yaks (Lair:8)
  3 orc high priests (Orc:4)
  2 orc sorcerers (Orc:4)
  3 orc knights (Orc:4)
  A wolf spider (Spider:3)
  4 elephants (Lair:8)
  2 spiny frogs (Lair:8)
  A demonic crawler (Spider:2)
  2 jumping spiders
  A tarantella (Spider:2)
  4 redbacks
  A yak (Lair:8)
  A steam dragon (Lair:8)
  2 basilisks (Lair:8)
  A wolf (Lair:3)
  2 spiders
  2 orc warriors (Orc:4)
  2 orc priests (Orc:4)
  3 orc wizards (Orc:4)
  3 iguanas
  4 orcs (Orc:4)
54 creatures vanquished.

Vanquished Creatures (others)
  A wolf spider (Spider:2)
  A tarantella (Spider:2)
  A wyvern (Lair:6)
  An orc wizard (D:12)
  An orc (Orc:4)
  23 fungi
  19 plants
47 creatures vanquished.

Grand Total: 631 creatures vanquished

Notes
Turn   | Place    | Note
--------------------------------------------------------------
     0 | D:1      | 4thArraOfDagon the Deep Dwarf Fighter began the quest for the Orb.
     0 | D:1      | Reached XP level 1. HP: 20/20 MP: 1/1
   119 | D:3      | Found a stormy altar of Qazlal.
   164 | D:3      | Reached XP level 2. HP: 24/27 MP: 2/2
   292 | D:4      | Reached XP level 3. HP: 15/34 MP: 3/3
   359 | D:4      | Noticed a phantom
   369 | D:4      | You fall through a shaft for 3 floors!
   373 | D:7      | Found a staircase to the Ecumenical Temple.
   378 | Temple   | Entered the Ecumenical Temple
   406 | Temple   | Became a worshipper of Makhleb the Destroyer
   454 | D:7      | Noticed an ice beast
   465 | D:7      | Killed an ice beast
   465 | D:7      | Reached skill level 4 in Axes
   465 | D:7      | Reached XP level 4. HP: 21/42 MP: 4/4
   485 | D:7      | Noticed a phantom
   502 | D:5      | Entered Level 5 of the Dungeon
   542 | D:6      | Noticed a giant frog
   551 | D:6      | HP: 1/43 [giant frog (3)]
   553 | D:6      | Killed a giant frog
   553 | D:6      | Reached XP level 5. HP: 29/50 MP: 5/5
   636 | D:7      | Noticed Menkaure
   665 | D:7      | Noticed a big kobold
   689 | D:8      | Killed a big kobold
   689 | D:8      | Reached skill level 5 in Axes
   689 | D:8      | Reached XP level 6. HP: 28/57 MP: 6/6
   931 | D:9      | Reached skill level 5 in Armour
   931 | D:9      | Reached skill level 1 in Invocations
   931 | D:9      | Reached skill level 1 in Evocations
   957 | D:9      | Reached XP level 7. HP: 40/64 MP: 8/8
   965 | D:9      | Reached * piety under Makhleb
  1065 | D:9      | Reached skill level 6 in Axes
  1112 | D:10     | Entered Level 10 of the Dungeon
  1363 | D:10     | Found Geinwois's Distillery.
  1385 | D:10     | Reached XP level 8. HP: 35/73 MP: 9/9
  1387 | D:10     | Bought 2 potions of lignification for 66 gold pieces
  1387 | D:10     | Bought a potion of heal wounds for 55 gold pieces
  1387 | D:10     | Bought 2 potions of poison for 22 gold pieces
  1387 | D:10     | Bought a potion of degeneration for 11 gold pieces
  1460 | D:12     | Noticed a cyan ugly thing
  1475 | D:12     | Killed a cyan ugly thing
  1475 | D:12     | Reached skill level 5 in Fighting
  1475 | D:12     | Reached skill level 7 in Axes
  1476 | D:12     | Reached ** piety under Makhleb
  1616 | D:12     | Reached skill level 8 in Axes
  1652 | D:12     | Reached skill level 5 in Invocations
  1652 | D:12     | Reached skill level 5 in Evocations
  1652 | D:12     | Gained mutation: You passively map the area around you. [Deep Dwarf growth]
  1652 | D:12     | Reached XP level 9. HP: 19/81 MP: 9/9
  1660 | D:12     | Noticed a cyclops
  1665 | D:12     | Killed a cyclops
  1731 | D:12     | Reached skill level 9 in Axes
  1755 | D:12     | Found a labyrinth entrance.
  1764 | Lab      | Entered a labyrinth
  1875 | Lab      | Noticed a minotaur
  1912 | Lab      | Killed a minotaur
  1912 | Lab      | Reached skill level 10 in Axes
  1912 | Lab      | Reached XP level 10. HP: 67/92 MP: 10/10
  1935 | Lab      | Identified a +2 pair of boots of running (You found it in a labyrinth)
  1947 | Lab      | :(
  1978 | D:13     | Killed an unseen horror
  2106 | D:11     | Noticed Maurice
  2113 | D:11     | Killed Maurice
  2268 | D:11     | Found a staircase to the Orcish Mines.
  2274 | D:11     | Got an encrusted chain mail
  2306 | D:10     | Identified the +3 chain mail "Huagiy" {rElec rPois rC++ Dex-5} (You found it on level 11 of the Dungeon)
  2386 | D:10     | Reached *** piety under Makhleb
  2484 | Orc:1    | Entered Level 1 of the Orcish Mines
  2536 | Orc:1    | Reached **** piety under Makhleb
  2553 | Orc:1    | Noticed an orc sorcerer
  2559 | Orc:1    | Noticed a sun demon
  2681 | Orc:1    | Found Sukarint's Armour Boutique.
  2758 | Orc:1    | Bought a +1 pair of gloves of strength for 280 gold pieces
  2842 | Orc:3    | Reached ***** piety under Makhleb
  2842 | Orc:3    | Reached skill level 11 in Axes
  2874 | Orc:3    | Found a staircase to the Elven Halls.
  3022 | Orc:4    | Entered Level 4 of the Orcish Mines
  3022 | Orc:4    | Noticed Josephine
  3318 | Orc:4    | Noticed an orc sorcerer
  3327 | Orc:3    | Killed Josephine
  3327 | Orc:3    | Reached XP level 11. HP: 42/100 MP: 10/10
  3343 | Orc:3    | Killed an orc sorcerer
  3370 | Orc:4    | Noticed Donald
  3506 | Orc:3    | You fall through a shaft!
  3506 | Orc:4    | Noticed an orc knight
  3525 | Orc:4    | Killed an orc knight
  3665 | Orc:4    | Found Durang's Magic Scroll Emporium.
  3681 | Orc:4    | Killed Donald
  3681 | Orc:4    | Reached skill level 12 in Axes
  3729 | Orc:4    | Reached ****** piety under Makhleb
  3786 | Orc:4    | Noticed an orc high priest
  3786 | Orc:4    | Noticed an orc high priest
  3814 | Orc:4    | Noticed an orc knight
  3816 | Orc:4    | Killed an orc high priest
  3819 | Orc:4    | Killed an orc high priest
  3833 | Orc:4    | Noticed an orc sorcerer
  3834 | Orc:4    | Noticed a green death
  3839 | Orc:4    | Noticed an orc knight
  3911 | Orc:4    | Killed an orc knight
  3911 | Orc:4    | Reached skill level 10 in Evocations
  3918 | Orc:4    | Noticed an orc high priest
  3923 | Orc:4    | Killed an orc knight
  3926 | Orc:4    | Killed an orc high priest
  3940 | Orc:4    | Paralysed by an orc sorcerer for 6 turns
  3947 | Orc:4    | Noticed a green death
  3951 | Orc:4    | Paralysed by an orc sorcerer for 7 turns
  3961 | Orc:4    | HP: 2/103 [green death/bolt of poison[the player character] (6)]
  4065 | Orc:4    | Paralysed by an orc sorcerer for 2 turns
  4071 | Orc:4    | Killed an orc sorcerer
  4082 | Orc:4    | Noticed an orc sorcerer
  4088 | Orc:4    | Paralysed by an orc sorcerer for 5 turns
  4094 | Orc:4    | Killed an orc sorcerer
  4114 | Orc:4    | Noticed an orc knight
  4117 | Orc:4    | Noticed an orc sorcerer
  4131 | Orc:4    | Killed an orc knight
  4144 | Orc:4    | Killed an orc sorcerer
  4148 | Orc:4    | Noticed an orc sorcerer
  4158 | Orc:4    | Noticed an orc knight
  4187 | Orc:4    | Killed an orc knight
  4191 | Orc:4    | Reached skill level 10 in Armour
  4225 | Orc:4    | Found Akoydes's Armour Boutique.
  4225 | Orc:4    | Found Xaewu Fam's Gadget Boutique.
  4226 | Orc:4    | Found Rifukesi's Antique Armour Emporium.
  4226 | Orc:4    | Found Xent's Magic Scroll Emporium.
  4238 | Orc:4    | Killed an orc sorcerer
  4258 | Orc:4    | :(
  4260 | Orc:4    | Bought a pair of faintly glowing gloves for 275 gold pieces
  4260 | Orc:4    | Bought a glowing cloak for 130 gold pieces
  4270 | Orc:4    | Identified the +1 pair of gloves of Midsummer {rF+ rC+ rCorr} (You bought it in a shop on level 4 of the Orcish Mines)
  4291 | Orc:4    | Bought a scroll of magic mapping for 52 gold pieces
  4291 | Orc:4    | Bought a scroll of identify for 30 gold pieces
  4415 | D:11     | Noticed a green ugly thing
  4467 | D:9      | Noticed a yak
  4467 | D:9      | Noticed a basilisk
  4467 | D:9      | Noticed a yak
  4467 | D:9      | Noticed a yak
  4468 | D:9      | Noticed a yak
  4468 | D:9      | Found a staircase to the Lair.
  4468 | D:9      | Noticed a basilisk
  4469 | D:9      | Noticed a yak
  4469 | D:9      | Noticed a basilisk
  4469 | D:9      | Noticed a yak
  4469 | D:9      | Noticed a yak
  4469 | D:9      | Noticed a yak
  4471 | D:9      | Noticed a yak
  4471 | D:9      | Noticed a yak
  4472 | D:9      | Noticed a yak
  4472 | D:9      | Noticed a blizzard demon
  4473 | D:9      | Noticed a yak
  4473 | D:9      | Noticed a yak
  4476 | D:9      | Noticed a yak
  4510 | D:10     | Killed a yak
  4574 | D:9      | Noticed a wyvern
  4578 | D:9      | Reached skill level 13 in Axes
  4579 | D:9      | Killed a wyvern
  4579 | D:9      | Reached XP level 12. HP: 68/112 MP: 6/6
  4694 | D:9      | Killed a basilisk
  4736 | D:9      | Killed a basilisk
  4790 | Lair:1   | Entered Level 1 of the Lair of Beasts
  4961 | Lair:3   | Noticed a five-headed hydra
  5012 | Lair:3   | Killed a five-headed hydra
  5034 | Lair:3   | Found a hole to the Spider Nest.
  5280 | Lair:7   | Reached skill level 14 in Axes
  5316 | Lair:8   | Entered Level 8 of the Lair of Beasts
  5317 | Lair:8   | Gained mutation: You are robust (+10% HP). [potion of mutation]
  5317 | Lair:8   | Gained mutation: You have sharp fingernails. [potion of mutation]
  5317 | Lair:8   | Gained mutation: You have supernaturally acute eyesight. [potion of mutation]
  5320 | Lair:8   | Noticed a seven-headed hydra
  5333 | Lair:8   | Found a viscous altar of Jiyva.
  5333 | Lair:8   | Found a staircase to the Slime Pits.
  5589 | Lair:5   | HP: 3/126 [porcupine (9)]
  5755 | Lair:4   | Noticed a six-headed hydra
  6238 | Lair:7   | Reached XP level 13. HP: 44/134 MP: 8/8
  6529 | Lair:8   | Reached skill level 10 in Fighting
  6544 | Lair:8   | Reached skill level 15 in Axes
  6609 | Lair:8   | Noticed a fire dragon
  6628 | Lair:8   | Killed a fire dragon
  6761 | Lair:8   | Noticed a six-headed hydra
  6769 | Lair:8   | Killed a six-headed hydra
  6771 | Lair:8   | Noticed a catoblepas
  6783 | Lair:8   | Killed a catoblepas
  6793 | Lair:8   | Killed a seven-headed hydra
  6813 | Lair:8   | Noticed a seven-headed hydra
  7093 | Lair:6   | Noticed a catoblepas
  7289 | Spider:1 | Entered Level 1 of the Spider Nest
  7315 | Spider:1 | Noticed an emperor scorpion
  7379 | Spider:2 | Noticed an emperor scorpion
  7395 | Spider:2 | Killed an emperor scorpion
  7395 | Spider:2 | Reached skill level 16 in Axes
  7533 | Spider:3 | Learned a level 4 spell: Passage of Golubria
  7645 | Spider:3 | HP: 3/135 [jumping spider (10)]
  7665 | Spider:3 | HP: 5/135 [wolf spider (3)]
  7677 | Spider:3 | Gained mutation: You resist negative energy. [Deep Dwarf growth]
  7677 | Spider:3 | Reached XP level 14. HP: 63/145 MP: 2/2
  7792 | Spider:3 | HP: 6/145 [poisoned by a wolf spider]
  7794 | Spider:3 | Succumbed to a wolf spider's poison

Vault maps used:
D:1:      dpeg_arrival_erosion
D:2:      vehumet_crystals, nicolae_ru_great_annihilating_truth
D:3:      grunt_temple_overflow_gold_and_silver, lemuel_crystal_altar,
          overflow_temple_1_default, lemuel_crystal_altar, supply_closet_lemuel
D:4:      first_bread, uniq_crazy_yiuf_cottage
D:5:      grunt_temple_overflow_open, kennysheep_pointless_box, minivault_23
D:6:      patterned_corridor
D:7:      tgw_trog, minmay_temple_entry_nine_rooms, uniq_menkaure
D:8:      blue_anna_alchemist, uniq_joseph
D:9:      boulder_indie, minmay_lair_entry_grove, minmay_misc_feat_ornament
D:10:     serial_shops, shop
D:11:     orc_0_dummy, uniq_maurice
D:12:     wad_woods_tower, lab_entry_generic, serial_corexii_hall,
          corexii_hall_statues_i, corexii_hall_statues_t,
          corexii_hall_statues_u, kennysheep_generic_room_14
D:13:     portal_ice_cave_entry_ice_beasts, lemuel_statue_altar
Temple:   jpeg_temple_alley_garden_8
Lair:1:   uniq_urug
Lair:2:   beast_lair_carwin_9
Lair:3:   spider_nest_entry_web_field, grunt_megastairs_2
Lair:6:   minmay_swamp_entry_worms, serial_bayou_pond_e,
          infiniplex_staircase_pool_2
Lair:7:   zaba_anthell
Lair:8:   guppyfry_lair_end_dragon, slime_altar_1, nicolae_lair_yak_garden,
          grunt_megastairs_4, serial_bayou_shore_b
Spider:1: spider_trap, uniq_agnes
Orc:1:    serial_shops, shop
Orc:3:    nicolae_orc_pool_cavern, guppyfry_library_mini
Orc:4:    st_orc_elflike, serial_shops, shop, minmay_orc_keep, uniq_josephine,
          uniq_donald
Lab:      labyrinth_watery, nicolae_lab_t_cross, nicolae_lab_garden

Action                   |  1- 3 |  4- 6 |  7- 9 | 10-12 | 13-15 || total
-------------------------+-------+-------+-------+-------+-------++-------
Melee: War axe           |    41 |    70 |   230 |       |       ||   341
       Broad axe         |       |       |       |   387 |       ||   387
       Battleaxe         |       |       |       |   645 |   374 ||  1019
Throw: Throwing net      |       |     2 |     6 |       |       ||     8
Invok: Lesser Servant of |       |       |       |    12 |     3 ||    15
       Greater Servant o |       |       |       |     4 |     5 ||     9
 Abil: Device Recharging |       |       |     5 |     9 |     8 ||    22
Evoke: Wand              |     2 |     2 |    32 |    52 |    44 ||   132
  Use: Potion            |     2 |     1 |     3 |     4 |     2 ||    12
       Scroll            |     1 |     1 |     6 |    13 |     4 ||    25
 Stab: Held in net/web   |       |       |     2 |       |       ||     2
       Distracted        |       |       |       |     3 |     2 ||     5
  Eat: Chunk             |       |       |     2 |     5 |     3 ||    10
       Beef jerky        |       |       |     1 |     1 |       ||     2
       Fruit             |       |       |    19 |     4 |    10 ||    33
       Pizza             |       |       |     1 |     1 |       ||     2
